Map: Prion Terraces

Players

juhyg

  • Race: Terran Terran
  • League: Bronze

Caesar - Winner!

  • Race: Zerg Zerg
  • League: Gold

VOD

Have the link to the VOD?

Description

Time

  • Played on: Feb. 5, 2016, 7:39 p.m.
  • Length: 8:28
Show
View Real Time Build Order
Export as new Build Order

juhyg Terran 

Build Orders:  

Get SALT Encoding   

  12  0:11  Supply Depot  
  12  0:27  Supply Depot  
  12  0:35  Barracks  
  12  0:39  SCV  
  13  0:55  SCV  
  14  1:04  Barracks  
  15  1:11  SCV  
  15  1:23  SCV  
  16  1:29  Refinery  
  16  1:33  Supply Depot  
  17  1:44  SCV  
  17  1:56  SCV  
  18  2:08  SCV  
  19  2:11  Refinery  
  19  2:14  Reaper  
  20  2:20  Marine, SCV  
  22  2:34  SCV  
  23  2:38  Reaper  
  24  2:46  SCV, Reaper  
  26  3:10  Reaper  
  28  3:28  Barracks Reactor  
  27  3:42  Reaper  
  28  3:57  Factory  
  28  4:05  Reaper x2  
  30  4:14  Barracks Tech Lab  
  30  4:37  Reaper x2  
  30  4:38  Marauder  
  34  4:59  Marauder  
  32  5:06  Starport  
  31  5:09  Marine x2  
  33  5:20  Marauder  
  36  5:21  SCV  
  36  5:25  Factory Reactor  
  36  5:27  Marine x2  
  38  5:33  Barracks  
  38  5:45  Marine  
  39  6:00  Supply Depot  
  39  6:22  Marauder, Marine x2  
  39  6:23  Supply Depot  
  39  6:24  Barracks Reactor  
  43  6:26  Factory Tech Lab  
  43  6:39  Marine x2  
  45  6:40  Medivac  
  45  6:45  Marauder, Supply Depot  
  49  6:57  Marine x2  
  49  7:01  Marine x2  
  51  7:07  Marauder  
  55  7:09  Supply Depot  
  55  7:10  Siege Tank  
  55  7:15  Marine x2  
  58  7:19  Marine x2  
  62  7:28  Marauder  
  60  7:32  Supply Depot  
  60  7:33  Marine x2  
  60  7:36  Marine  
  60  7:37  Marine  
  64  7:49  Marauder  
  64  7:51  Marine x2  
  68  7:54  Supply Depot, Marine x2  
  73  8:09  Marine x2  
  78  8:17  Supply Depot  
Show
View Real Time Build Order
Export as new Build Order

Caesar Zerg - Winner!

Build Orders: Hatch First 

Get SALT Encoding   

  12  0:02  Drone  
  13  0:13  Overlord  
  13  0:18  Drone  
  14  0:31  Drone  
  15  0:48  Hatchery  
  14  0:51  Drone  
  15  1:06  Spawning Pool  
  15  1:09  Drone  
  15  1:15  Extractor  
  15  1:17  Drone  
  15  1:20  Drone  
  15  1:25  Drone  
  17  1:32  Overlord  
  17  1:43  Drone  
  18  1:52  Queen  
  20  1:59  Queen  
  22  2:02  Drone  
  22  2:06  Zergling x2  
  24  2:09  Zergling x2  
  25  2:16  Drone  
  25  2:19  Zergling x2  
  25  2:22  Metabolic Boost  
  27  2:35  Queen  
  27  2:36  Drone  
  30  2:42  Drone  
  30  2:44  Zergling x2  
  32  2:45  Zergling x2  
  32  2:51  Drone  
  34  2:53  Zergling x2  
  34  2:56  Drone  
  36  3:00  Overlord  
  36  3:07  Extractor  
  36  3:09  Evolution Chamber  
  34  3:16  Spore Crawler  
  33  3:20  Spore Crawler  
  33  3:22  Lair  
  32  3:28  Drone  
  32  3:29  Drone  
  34  3:38  Zerg Melee Weapons Level 1  
  34  3:40  Drone  
  35  3:43  Drone  
  35  3:47  Drone  
  37  3:54  Drone x2  
  39  3:56  Drone  
  40  4:03  Overlord  
  40  4:08  Drone x2  
  42  4:19  Drone x2  
  42  4:20  Overlord  
  44  4:31  Drone x2, Spire  
  43  5:00  Drone x3  
  43  5:04  Drone x2  
  43  5:05  Drone  
  43  5:06  Overlord x2, Extractor x2  
  43  5:07  Overlord  
  46  5:12  Queen  
  48  5:30  Drone  
  48  5:31  Drone x2  
  51  5:37  Drone x3  
  51  5:42  Mutalisk x2  
  54  5:43  Mutalisk  
  54  5:47  Zerg Melee Weapons Level 2  
  60  5:55  Drone  
  60  5:56  Mutalisk x2  
  63  6:01  Overlord  
  63  6:02  Overlord x2  
  65  6:17  Hatchery  
  64  6:20  Overseer  
  64  6:33  Drone x2  
  66  6:44  Mutalisk x4  
  66  6:45  Zergling x2, Baneling Nest  
  66  6:47  Zergling x8  
  78  6:56  Drone  
  78  6:57  Drone  
  80  7:04  Drone x3  
  80  7:06  Drone  
  80  7:07  Drone x3  
  84  7:32  Drone  
  84  7:35  Spore Crawler  
  84  7:38  Drone  
  84  7:39  Drone x3, Spine Crawler, Mutalisk  
  89  7:48  Drone  
  89  7:49  Spine Crawler  
  89  7:52  Infestation Pit  
  89  7:56  Drone x2, Extractor  
  89  7:57  Extractor  
  88  7:59  Overlord  
  88  8:01  Mutalisk x4  
  88  8:02  Zergling x2  
  88  8:04  Overlord  
  88  8:05  Overlord  
Tags
 
Add a new tag
Caveats
  • Supply blocks, unpowered buildings, or Contaminate may cause inaccurate times.
  • Supply counts are checked every 10 seconds.